 Dungeon Crawl Stone Soup version 0.18-a0-1027-g814d7dd (webtiles) character file.

721 M4edhros the Sneak (level 7, 0/42 (43) HPs)
             Began as an Octopode Artificer on Jan 9, 2016.
             Killed from afar by a steam dragon (16 damage)
             ... with a ball of steam
             ... on level 5 of the Dungeon.
             The game lasted 00:04:32 (2860 turns).

M4edhros the Sneak (Octopode Artificer)             Turns: 2860, Time: 00:04:32

HP:   0/42 (43)     AC:  1    Str: 10    XL:     7   Next: 70%
MP:   10/10         EV: 14    Int: 17    God:
Gold: 115           SH:  0    Dex: 12    Spells: 0 memorised, 6 levels left

rFire  . . .     SeeInvis .     t - +1 dagger (venom)
rCold  . . .     Gourm    .     (no shield)
rNeg   . . .     Faith    .     (helmet restricted)
rPois  .         Spirit   .     (no amulet)
rElec  .         Dismiss  .     (no ring)
rCorr  .         Reflect  .     (no ring)
SustAt .         Harm     .     (no ring)
MR     .....                    (no ring)
Stlth  ++++......               (no ring)
                                (no ring)
                                (no ring)
                                (no ring)

@: not resistant to hostile enchantments, stealthy
A: almost no armour, amphibious, 8 rings, constrict 8, camouflage 1, gelatinous
body 1
a: no special abilities


You were on level 5 of the Dungeon.
You were very hungry.

You visited 1 branch of the dungeon, and saw 5 of its levels.

You collected 115 gold pieces.

Inventory:

Hand Weapons
 a - a +0 short sword
 o - a +0 hunting sling
 s - a +1 short sword of distortion
 t - a +1 dagger of venom (weapon)
Missiles
 k - 37 sling bullets
 p - 49 stones (quivered)
Wands
 b - a wand of flame (8/48)
 c - a wand of enslavement (10/24)
 d - a wand of random effects (0/48)
Scrolls
 e - 5 scrolls of identify {unknown}
 g - 5 scrolls of enchant armour {unknown}
 h - 5 scrolls of remove curse {unknown}
 i - 2 scrolls of teleportation {unknown}
 m - 2 scrolls of noise {unknown}
 n - a scroll of magic mapping {unknown}
 r - a scroll of fog {unknown}
Potions
 j - a potion of cure mutation
 q - a potion of heal wounds
 v - a potion of might {unknown}
 w - a potion of haste {unknown}
Comestibles
 f - 3 bread rations
 l - a royal jelly
 u - 11 fruits


   Skills:
 - Level 1.0 Fighting
 - Level 1.0 Short Blades
 * Level 3.9 Slings
 * Level 5.0 Dodging
 * Level 6.0 Stealth
 + Level 4.8 Evocations


You had 6 spell levels left.
You didn't know any spells.

Dungeon Overview and Level Annotations

Branches:
Dungeon (5/15)
 Temple: D:4-7

Altars:
Nemelex Xobeh

Annotations:
D:5 Grinder


Innate Abilities, Weirdness & Mutations

You cannot wear most types of armour.
You are amphibious.
You can wear up to eight rings at the same time.
You can use your tentacles to constrict eight enemies at once.
Your skin changes colour to match your surroundings (Stealth).
Your rubbery body absorbs attacks (AC +1).


Message History

Grinder hits the orc but does no damage.
The orc hits Grinder with a short sword.
Grinder hits the orc.
The orc writhes in agony.
The jelly barely misses Grinder.
The orc misses Grinder.
The jelly hits Grinder.
Grinder is splashed with acid.
The acid corrodes Grinder!
Grinder hits the orc.
The orc dies!
Something closely misses Grinder.
Grinder hits something.
Grinder is burned by acid!
Your Stealth skill increases to level 6!
You feel a bit more experienced.
You are feeling very hungry.
A steam dragon comes into view.
A steam dragon comes into view.
The helpless steam dragon fails to defend itself.
You impale the steam dragon!!
The steam dragon is severely wounded.
The steam dragon breathes steam at you. The ball of steam hits you!
You die...

#...... # # #.####.
#...#.#.#..÷. #####
.......<.....
##≈.P###.#.#.#.#.#..
##≈..D≈^# ... #...#..
#≈P....P###.#.#.###.#
#P≈D....≈#....#......
#P..@...P#..#.#......
##PP≈..≈##..#.#......
##≈...P##..#.#......
##≈..###..#.#......
#..≈# #(.#.#......
#P.≈# #...........
#≈.≈# #.##.#......
#..≈###.##.#......
#≈.≈#...##.#####..


You could see 2 steam dragons.

Vanquished Creatures
  A wasp (D:4)
  A phantom (D:4)
  A necrophage (D:5)
  A centaur (D:5)
  A crimson imp (D:5)
  2 giant frog zombies (D:5)
  A hound (D:5)
  An iguana (D:4)
  An orc wizard (D:4)
  3 worker ants (D:4)
  5 adders
  A shadow imp (D:5)
  2 giant geckos
  6 orcs (D:4)
  3 giant cockroaches
  3 goblins
  5 hobgoblins
  8 jackals (D:4)
  2 quokkas
  A bat (D:1)
  A giant gecko skeleton (D:4)
  4 giant newts
  2 kobolds
  A quokka skeleton (D:4)
  2 rats (D:1)
59 creatures vanquished.

Vanquished Creatures (collateral kills)
  A jelly (D:5)
  3 orcs
  A giant cockroach zombie (D:5)
5 creatures vanquished.

Grand Total: 64 creatures vanquished

Notes
Turn   | Place    | Note
--------------------------------------------------------------
     0 | D:1      | M4edhros the Octopode Artificer began the quest for the Orb.
     0 | D:1      | Reached XP level 1. HP: 13/13 MP: 3/3
   168 | D:1      | Reached XP level 2. HP: 16/18 MP: 4/4
   184 | D:1      | Gained mutation: You have supernaturally acute eyesight. [potion of beneficial mutation]
   187 | D:1      | Lost mutation: You have supernaturally acute eyesight. [potion of cure mutation]
   908 | D:4      | Reached XP level 3. HP: 17/23 MP: 5/5
  1239 | D:4      | Reached skill level 1 in Slings
  1268 | D:4      | Noticed a wasp
  1268 | D:4      | an orc wizard changed into a wasp
  1282 | D:4      | Reached XP level 4. HP: 26/28 MP: 6/6
  1573 | D:4      | Reached XP level 5. HP: 30/33 MP: 7/7
  1637 | D:4      | Reached skill level 4 in Evocations
  1651 | D:4      | Noticed a phantom
  1730 | D:4      | Killed a phantom
  1730 | D:4      | Reached XP level 6. HP: 18/38 MP: 9/9
  2163 | D:4      | Paralysed by a wasp for 3 turns
  2165 | D:4      | Killed a wasp
  2324 | D:4      | Reached skill level 5 in Stealth
  2393 | D:5      | Entered Level 5 of the Dungeon
  2436 | D:5      | Reached XP level 7. HP: 29/43 MP: 10/10
  2465 | D:5      | Found a sparkling altar of Nemelex Xobeh.
  2819 | D:5      | Noticed Grinder
  2821 | D:5      | Paralysed by Grinder for 5 turns
  2827 | D:5      | Reached skill level 5 in Dodging
  2837 | D:5      | Reached skill level 6 in Stealth
  2853 | D:5      | Noticed a steam dragon
  2855 | D:5      | Noticed a steam dragon
  2860 | D:5      | Killed from afar by a steam dragon

Vault maps used:
D:1:      dpeg_arrival_lava_altar
D:2:      gammafunk_temple_overflow_wave, lemuel_round_altar, first_bread,
          grunt_ministairs_7
D:3:      st_stairs_11
D:4:      minmay_small_thing
D:5:      kennysheep_steamy, grunt_temple_overflow_holy_war,
          nemelex_altar_shiori, gammafunk_pakellas_statue_experiment,
          guppyfry_early_lair_pool, uniq_grinder

Action                   |  1- 3 |  4- 6 |  7- 9 || total
-------------------------+-------+-------+-------++-------
Melee: Short sword       |    52 |       |       ||    52
       Dagger            |     1 |    54 |    24 ||    79
Evoke: Wand              |    14 |     4 |     9 ||    27
  Use: Potion            |     4 |     2 |       ||     6
 Stab: Sleeping          |     8 |     8 |     4 ||    20
  Eat: Chunk             |     1 |     3 |     1 ||     5
